 Dungeon Crawl Stone Soup version 0.18-a0-1774-gce1f7b6 (webtiles) character file.

37 M4edhros the Poker (level 3, 0/29 HPs)
             Began as a Mummy Chaos Knight on Apr 15, 2016.
             Slain by a giant gecko (1 damage)
             ... on level 3 of the Dungeon.
             The game lasted 00:01:42 (1285 turns).

M4edhros the Poker (Mummy Chaos Knight)             Turns: 1285, Time: 00:01:43

Health: 0/29       AC:  5    Str: 15    XL:     3   Next: 23%
Magic:  3/3        EV: 11    Int: 11    God:    Xom [....*.]
Gold:   40         SH:  0    Dex: 12    Spells: 0 memorised, 2 levels left

rFire  x . .     SeeInvis .     a - +0 spear (chaos)
rCold  + . .     Gourm    .     b - +2 leather armour
rNeg   + + +     Faith    .     (no shield)
rPois  ∞         Spirit   .     (no helmet)
rElec  .         Dismiss  .     (no cloak)
rCorr  .         Reflect  .     (no gloves)
SustAt .         Harm     .     (no boots)
MR     .....                    (no amulet)
Stlth  +.........               (no ring)
                                (no ring)

@: not resistant to hostile enchantments, very unstealthy
A: no food or potions, fire vulnerability, cold resistance 1, negative energy
resistance 3, torment resistance, unbreathing
a: Renounce Religion


You were on level 3 of the Dungeon.
You worshipped Xom.
You were a beloved toy of Xom.
You were not hungry.

You visited 1 branch of the dungeon, and saw 4 of its levels.

You collected 40 gold pieces.

Inventory:

Hand Weapons
 a - a +0 spear of chaos (weapon)
Missiles
 g - a throwing net (quivered)
Armour
 b - a +2 leather armour (worn)
 d - a +0 large shield
Jewellery
 e - an uncursed ring of resist corrosion {unknown}
 f - an uncursed ring of wizardry {unknown}
Scrolls
 c - 2 scrolls of identify {unknown}


   Skills:
 - Level 3.0 Fighting
 + Level 3.5 Polearms
 - Level 1.5 Armour
 - Level 0.7 Dodging


You had 2 spell levels left.
You didn't know any spells.

Dungeon Overview and Level Annotations

Branches:
Dungeon (4/15)
 Temple: D:4-7

Altars:
Xom

Annotations:
D:4 namelastname112's ghost, amateur DrCK


Innate Abilities, Weirdness & Mutations

You do not eat or drink.
Your flesh is vulnerable to fire.
You are immune to poison.
Your flesh is cold resistant.
You are immune to negative energy.
You are immune to unholy pain and torment.
You can survive without breathing.


Message History

You are too injured to fight recklessly!
You hit the orc.
The orc seems to slow down.
The orc is severely wounded.
The orc closely misses you.
You are too injured to fight recklessly!
You closely miss the orc.
The orc is severely wounded.
The orc is no longer moving slowly.
The orc barely misses you.
You are too injured to fight recklessly!
You barely miss the orc.
The orc is severely wounded.
The orc hits you with a flail!
* * * LOW HITPOINT WARNING * * *
You hit the orc.
You kill the orc!
Xom's power touches on a nearby monster.
The orc evaporates and reforms as a giant gecko!
The giant gecko bites you.
You die... "What!?
That's it?"

# .# ######..#.###
#..l@.......#
#J####..#.... ####
#.#.. .....#. ..# #J#.#
...$... #.# #g#.#
......#
#.###.#.##)......
#....o..Joo....#
#.......#K.......
#.#####.#..#..#.(......


You could see an ooze and a giant gecko.

Vanquished Creatures
  An adder (D:2)
  2 dart slugs (D:1)
  A giant gecko (D:4)
  5 orcs
  A bat (D:2)
  2 goblins
  A hobgoblin (D:1)
  A giant newt (D:2)
  4 kobolds
18 creatures vanquished.

Notes
Turn   | Place    | Note
--------------------------------------------------------------
     0 | D:1      | M4edhros the Mummy Chaos Knight began the quest for the Orb.
     0 | D:1      | Reached XP level 1. HP: 18/18 MP: 1/1
     6 | D:1      | Noticed a crocodile
     6 | D:1      | Noticed a swamp drake
     6 | D:1      | Noticed a salamander
     6 | D:1      | Noticed a black bear
    56 | D:1      | XOM: harmless Divn miscast
   108 | D:1      | XOM: silly message
   283 | D:1      | XOM: silly message
   342 | D:1      | XOM: potion effect (agility)
   480 | D:1      | XOM: smoke on damage
   523 | D:1      | Reached XP level 2. HP: 7/24 MP: 2/2
   674 | D:1      | XOM: colour smoke trail
   685 | D:1      | XOM: 10-stop teleportation journey
   812 | D:2      | XOM: medium Air miscast
   907 | D:4      | Reached XP level 3. HP: 29/29 MP: 3/3
   940 | D:4      | Noticed namelastname112's ghost (amateur DrCK)
   940 | D:4      | XOM: scenery: create altars
   955 | D:4      | XOM: summons 3 friendly demons
   961 | D:4      | XOM: enchant monster (good)
  1222 | D:4      | Noticed an orc warrior
  1279 | D:3      | HP: 1/29 [orc/flail (10)]
  1282 | D:3      | XOM: polymorph orc -> giant gecko
  1285 | D:3      | Slain by a giant gecko

Vault maps used:
D:1:      onia_arrival_zoo_common
D:2:      grunt_gozag_breadcrumbs, nicolae_ru_awakened_eye, first_bread,
          minivault_23, uniq_terence, uniq_jessica
D:3:      overflow_temple_1_default, ecumenical_altar_2

Skill      XL: |  1 |
---------------+----+-----
Polearms       | 3 |  3.5
Fighting       | |  3.0
Armour         | |  1.5
Dodging        | |  0.7

Action                   || total
-------------------------++-------
Melee: Spear             ||    86
Armor: Leather armour    ||    19
Dodge: Dodged            ||    32
